[Event "Early-Titled-Tuesday-Blitz-May-28-2024"]
[Site "Chess.com"]
[Date "2024.05.28"]
[Round "8"]
[White "Shankland"]
[Black "GothamChess"]
[Result "1-0"]
[WhiteElo "2982"]
[BlackElo "2781"]
[TimeControl "180+1"]
[EndTime "9:30:07 PDT"]
[Termination "Shankland won on time"]

1. c4 g6 2. g3 Bg7 3. Bg2 d6 4. Nf3 Nc6 5. O-O Bd7 6. d4 Qc8 7. Nc3 Bh3 8. e4 h5 9. Bxh3 Qxh3 10.
Nd5 Qd7 11. h4 Nf6 12. Re1 Ng4 13. Bg5 O-O 14. Rc1 e6 15. Nc3 e5 16. dxe5 Ncxe5 17. Nxe5 Nxe5 18. Nd5 Qh3 19. Rc2 f6 20. Bc1 Rf7 21. Nf4 Qg4 22. Kg2 Re8 23. f3 Qd7 24. c5 Kh7 25. cxd6 cxd6 26. Be3 Bh6 27. Nd5 Bg7 28.
b3 b6 29. Rc7 Qd8 30. Rxf7 Nxf7 31. Qe2 Qd7 32. Rc1 Rc8 33. Rc2 Rxc2 34. Qxc2 Qb5 35.
a4 Qa6 36. f4 Qb7 37. b4 f5 38. b5 Nd8 39. Kf3 Ne6 40. Qc6 fxe4+ 41. Kxe4 Qf7 42.
Kf3 Bd4 43. Qxd6 Bxe3 44. Kxe3 Ng7 45. Qe5 Nf5+ 46. Kf2 Ng7 47. Nf6+ 1-0

[Event "Early-Titled-Tuesday-Blitz-May-28-2024"]
[Site "Chess.com"]
[Date "2024.05.28"]
[Round "8"]
[White "Flaccidmoves"]
[Black "SharapovEvgeny"]
[Result "1/2-1/2"]
[WhiteElo "2495"]
[BlackElo "2610"]
[TimeControl "180+1"]
[EndTime "9:30:08 PDT"]
[Termination "Game drawn - insufficient material"]

1. c4 c5 2. Nf3 Nc6 3. d4 cxd4 4. Nxd4 e6 5. Nc3 Nf6 6. Ndb5 d5 7. cxd5 Nxd5 8. Nxd5 exd5 9. Qxd5 Bb4+ 10. Bd2 Qe7 11. e3 O-O 12. Bxb4 Qxb4+ 13. Qd2 Rd8 14. Qxb4 Nxb4 15.
Rc1 Nxa2 16. Rc7 Nb4 17. Bc4 Nd5 18. Bxd5 Rxd5 19. Nd4 Rd7 20. Rxd7 Bxd7 21. Kd2 Rc8 22. Ra1 a6 23. Ra5 Kf8 24. Re5 f6 25. Rh5 h6 26.
h4 Ke7 27. Ra5 Kd6 28. g3 Rc5 29. Ra1 a5 30. Nb3 Rb5 31. Nxa5 Rxb2+ 32. Kc3 Rxf2 33. Nxb7+ Kc6 34. Na5+ Kc7 35. Nc4 Rg2 36. Ra7+ Kd8 37. Nb6 Bg4 38. Rxg7 Rxg3 39. Nd5 f5 40. Kd4 Rg2 41.
Ke5 Bf3 42. Rxg2 Bxg2 43. Nf4 Be4 44. Kf6 Kd7 45. Kg6 Kd6 46. Kxh6 Ke5 47. Kg7 Bf3 48.
Kg6 Ke4 49. h5 Bxh5+ 50. Nxh5 Kxe3 51. Kxf5 1/2-1/2

[Event "Early-Titled-Tuesday-Blitz-May-28-2024"]
[Site "Chess.com"]
[Date "2024.05.28"]
[Round "8"]
[White "Karttunen"]
[Black "francyIM"]
[Result "0-1"]
[WhiteElo "2643"]
[BlackElo "2811"]
[TimeControl "180+1"]
[EndTime "9:30:09 PDT"]
[Termination "francyIM won on time"]

1. c4 Nf6 2. Nc3 g6 3. Nf3 Bg7 4. g3 O-O 5. Bg2 b6 6. d3 Bb7 7. e4 c5 8. Bf4 d6 9. O-O Nc6 10. a3 Ne8 11. Qd2 Nc7 12. Bh6 Ne6 13. Bxg7 Kxg7 14.
Ne2 Ned4 15. Nfxd4 cxd4 16. f4 e6 17. f5 e5 18. f6+ Kh8 19. h4 Rg8 20. g4 Bc8 21. g5 Be6 22. Bf3 a6 23. Kf2 b5 24. cxb5 axb5 25.
b4 Ra6 26. Rh1 h5 27. Ng3 Qd7 28. Qe2 Rga8 29. Bxh5 Rxa3 30. Rxa3 Rxa3 31. Qf3 Nxb4 32. Rd1 Nc2 33. Rd2 Ne3 34. Qe2 b4 35. Bf3 b3 36.
h5 Ra2 37. hxg6 fxg6 38. Kg1 Qa7 39. Qh2+ Qh7 40. Rxa2 bxa2 41. Qb2 Qa7 42. Qa1 Qb6 0-1

[Event "Early-Titled-Tuesday-Blitz-May-28-2024"]
[Site "Chess.com"]
[Date "2024.05.28"]
[Round "8"]
[White "Arteler"]
[Black "Jeppesen08"]
[Result "0-1"]
[WhiteElo "2236"]
[BlackElo "2476"]
[TimeControl "180+1"]
[EndTime "9:30:10 PDT"]
[Termination "Jeppesen08 won by checkmate"]

1. e4 c5 2. Nf3 e6 3. c3 Nf6 4. e5 Nd5 5. d4 cxd4 6. cxd4 Nc6 7. Nc3 d6 8. Bd3 Be7 9. O-O a6 10. Qe2 Nxc3 11. bxc3 dxe5 12. dxe5 b5 13. Bb2 Bb7 14. Rfd1 Qc7 15. Rac1 g6 16. Qe3 O-O 17. Rb1 Na5 18. Bc1 Rfd8 19. Qh6 Bxf3 20. gxf3 Qxe5 21. Bf4 Qg7 22. Qh3 Rac8 23. a4 Qxc3 24. Qf1 b4 25. Rbc1 Qf6 26. Bc7 Rd5 27. Be4 Rxd1 28. Qxd1 Nb3 29.
Kh1 Nxc1 30. Qd7 Rxc7 31. Qxc7 Ne2 32. Qc4 Nf4 33. Qxa6 Qa1+ 34. Bb1 Qxb1+ 35. Qf1 Qxf1# 0-1

[Event "Early-Titled-Tuesday-Blitz-May-28-2024"]
[Site "Chess.com"]
[Date "2024.05.28"]
[Round "8"]
[White "Witik"]
[Black "pirulillo"]
[Result "1-0"]
[WhiteElo "2798"]
[BlackElo "2402"]
[TimeControl "180+1"]
[EndTime "9:30:11 PDT"]
[Termination "Witik won on time"]

1. d4 Nf6 2. Nf3 g6 3. Bg5 Bg7 4. Nbd2 d5 5. e3 b6 6. Be2 Bb7 7. O-O O-O 8. a4 a5 9. Ne5 Nfd7 10. Nef3 f6 11. Bh4 g5 12. Bg3 e5 13. c4 e4 14. Ne1 f5 15. f4 exf3 16. Nexf3 Nc6 17. cxd5 Nb4 18. d6 c5 19. Nc4 Be4 20. Nfe5 Nf6 21.
Rc1 Nfd5 22. Qb3 f4 23. exf4 gxf4 24. Bf2 cxd4 25. Bf3 Bxe5 26. Nxe5 Bxf3 27. Nxf3 Qxd6 28. Bxd4 Rf7 29. Rfe1 h6 30. Re5 Rd8 31. Rce1 Ne3 32. Bxe3 fxe3 33. R5xe3 Rf8 34. Ne5 Kg7 35. Rg3+ Kh7 36.
Nxf7 Qd7 37. Ne5 Qd4+ 38. Qe3 1-0

[Event "Early-Titled-Tuesday-Blitz-May-28-2024"]
[Site "Chess.com"]
[Date "2024.05.28"]
[Round "8"]
[White "Lennis93"]
[Black "Anton_Demchenko"]
[Result "1-0"]
[WhiteElo "2782"]
[BlackElo "2926"]
[TimeControl "180+1"]
[EndTime "9:30:12 PDT"]
[Termination "Lennis93 won on time"]

1. a3 g6 2. e4 Bg7 3. Nc3 c5 4. Bc4 Nc6 5. d3 d6 6. Nge2 e6 7. O-O Nge7 8. Ba2 O-O 9. Rb1 Rb8 10. b4 b6 11. b5 Na5 12. d4 cxd4 13. Nxd4 Qc7 14.
Nce2 Bb7 15. Ng3 d5 16. exd5 Nxd5 17. Bxd5 Bxd5 18. Qg4 e5 19. Nf3 Be6 20. Qh4 f6 21. Bd2 Nc4 22. Bb4 Rfd8 23. Ne4 Qf7 24. Rfd1 h6 25. Qg3 Bf5 26. Re1 Qb7 27. Nc3 Bxc2 28. Rbc1 Bf5 29. Nh4 Rd3 30. f3 Qd7 31. Ne4 Ne3 32.
Nxg6 Kh7 33. Ne7 1-0

[Event "Early-Titled-Tuesday-Blitz-May-28-2024"]
[Site "Chess.com"]
[Date "2024.05.28"]
[Round "8"]
[White "Vesper2018"]
[Black "ab-lsv"]
[Result "1-0"]
[WhiteElo "2584"]
[BlackElo "2368"]
[TimeControl "180+1"]
[EndTime "9:30:15 PDT"]
[Termination "Vesper2018 won by resignation"]

1. e4 c6 2. d4 d5 3. e5 c5 4. c3 Nc6 5. Be2 cxd4 6. cxd4 Bf5 7. Nf3 e6 8. O-O Nge7 9. Nc3 Bg4 10. Be3 Nf5 11.
Qd2 Be7 12. h3 Bxf3 13. Bxf3 O-O 14. Bg4 Nxe3 15. fxe3 Bg5 16. g3 g6 17. Kg2 h5 18.
Be2 h4 19. gxh4 Bxh4 20. Kh2 Kg7 21. Rg1 Rh8 22. Bd3 Rh6 23. Raf1 Qe7 24. Nb5 Rah8 25. Rf3 Kg8 26. Nd6 R8h7 27. Rgf1 f5 28. Rg1 Kh8 29. Qg2 Nd8 30. Rc1 Nc6 31. Bb5 Qd7 32. Bxc6 bxc6 33. Qc2 g5 34. Qxc6 Qxc6 35. Rxc6 Rg7 36. Nxf5 exf5 37. Rxh6+ Kg8 38. Rxf5 Bf2 39. Rxf2 1-0

[Event "Early-Titled-Tuesday-Blitz-May-28-2024"]
[Site "Chess.com"]
[Date "2024.05.28"]
[Round "8"]
[White "MITerryble"]
[Black "jumpingknight20"]
[Result "1-0"]
[WhiteElo "3018"]
[BlackElo "2788"]
[TimeControl "180+1"]
[EndTime "9:30:17 PDT"]
[Termination "MITerryble won by resignation"]

1. c4 Nf6 2. Nc3 e5 3. Nf3 Nc6 4. g3 d5 5. cxd5 Nxd5 6. Bg2 Nb6 7. O-O Be7 8. d3 O-O 9. Be3 Be6 10. Rc1 h6 11.
Nd2 Nd5 12. Nxd5 Bxd5 13. Bxd5 Qxd5 14. Qb3 Qxb3 15. Nxb3 Rfd8 16. Rc4 Rd5 17. Rfc1 Rad8 18. Rxc6 bxc6 19. Rxc6 Bd6 20. Ra6 Ra8 21. g4 Kf8 22. Kg2 Ke8 23. Kf3 Rb5 24. h4 Kd7 25. h5 Rb4 26.
Bd2 Rb5 27. Bc3 Bb4 28. a4 Rbb8 29. Bxe5 Bd6 30. Bxd6 cxd6 31. Nd4 Rb6 32. Rxb6 axb6 33. b3 Re8 34. Nf5 Rg8 35. Kf4 Ke6 36. e4 Kf6 37. Nxd6 Rd8 38. d4 Ke6 39. e5 Kd5 40. Ke3 f6 41. f4 fxe5 42. fxe5 Rf8 43. Nf5 Rf7 44. Kd3 Rc7 45. Ne3+ Ke6 46. Ke4 Rc3 47. d5+ Kf7 48.
e6+ Kf6 49. Nf5 Rxb3 50. e7 Kf7 51. d6 Ke8 52. Nxg7+ 1-0

[Event "Early-Titled-Tuesday-Blitz-May-28-2024"]
[Site "Chess.com"]
[Date "2024.05.28"]
[Round "8"]
[White "xakevicius91"]
[Black "mr_gustavo"]
[Result "1-0"]
[WhiteElo "2527"]
[BlackElo "2718"]
[TimeControl "180+1"]
[EndTime "9:30:17 PDT"]
[Termination "xakevicius91 won on time"]

1. e4 c6 2. d4 d5 3. e5 c5 4.
Nf3 cxd4 5. Nxd4 Nc6 6. Nxc6 bxc6 7. Bd3 e6 8. Nd2 Ne7 9. O-O Ng6 10. Nf3 Be7 11. c3 c5 12. Qa4+ Bd7 13. Qg4 h5 14. Qg3 h4 15. Qg4 Kf8 16. Bd2 Qe8 17. Rfe1 Rb8 18. b3 Kg8 19. Bxg6 fxg6 20. Bg5 Bxg5 21.
Nxg5 Qe7 22. Nh3 Qf7 23. Rad1 Rf8 24. f4 Qf5 25. Qe2 Rb8 26. Qe3 Rc8 27. Rd2 Kf7 28.
b4 Ke7 29. bxc5 Rc6 30. c4 Rhc8 31. cxd5 exd5 32. Rxd5 Be6 33. Rd6 Rxc5 34. Ng5 Bd5 35. Rd1 Bb7 36. Qb3 R5c7 37. h3 Kf8 38. Nh7+ Ke7 39. Ng5 Kf8 40. a4 a5 41. Rd8+ Rxd8 42.
Rxd8+ Ke7 43. Rd1 Bc6 44. Qa3+ Ke8 45. Qd6 1-0

[Event "Early-Titled-Tuesday-Blitz-May-28-2024"]
[Site "Chess.com"]
[Date "2024.05.28"]
[Round "8"]
[White "Tol_Tol"]
[Black "ImportedItalianMaple"]
[Result "0-1"]
[WhiteElo "2379"]
[BlackElo "2533"]
[TimeControl "180+1"]
[EndTime "9:30:17 PDT"]
[Termination "ImportedItalianMaple won on time"]

1. d4 Nf6 2. c4 e5 3. dxe5 Ng4 4. e4 Nxe5 5. f4 Nec6 6. Be3 Bb4+ 7. Nd2 d6 8. Bd3 Nd7 9. Nf3 a5 10. O-O Bc5 11.
Qe2 Qe7 12. Rae1 b6 13. Nb3 Bxe3+ 14. Qxe3 Bb7 15. Nbd4 Nxd4 16. Nxd4 g6 17. Nb5 O-O-O 18. a3 Nc5 19. b4 axb4 20. axb4 Nxd3 21. Qxd3 Rhe8 22.
Nc3 Qe6 23. Re2 f5 24. exf5 Qxf5 25. Qxf5+ gxf5 26. Rfe1 Rxe2 27. Rxe2 Kd7 28. Re3 Rg8 29. g3 h5 30. h4 Ra8 31. Kf2 Ra1 32. Nd5 Bxd5 33. cxd5 Rb1 34. Re6 Rxb4 35. Rf6 Rd4 36. Rxf5 b5 37. Rf7+ Kc8 38. Ke3 Rxd5 39. f5 b4 40. f6 b3 41. Rf8+ Kd7 42. Rh8 b2 43.
Rh7+ Kc6 44. f7 Rf5 0-1

[Event "Early-Titled-Tuesday-Blitz-May-28-2024"]
[Site "Chess.com"]
[Date "2024.05.28"]
[Round "8"]
[White "igorkovalenko"]
[Black "Sl4werThanYou"]
[Result "1-0"]
[WhiteElo "2907"]
[BlackElo "2735"]
[TimeControl "180+1"]
[EndTime "9:30:18 PDT"]
[Termination "igorkovalenko won by checkmate"]

1. e4 c5 2. c3 g6 3. d4 cxd4 4. cxd4 d5 5. e5 Nc6 6. Nc3 Bg7 7.
Bb5 Nh6 8. Nge2 O-O 9. O-O Bg4 10. f3 Bd7 11. Ba4 e6 12. Bxc6 Bxc6 13. g4 Kh8 14.
Be3 Qh4 15. Qd2 Ng8 16. Bg5 Bh6 17. Bxh6 Nxh6 18. Qe3 Rac8 19. Rf2 Rc7 20. Kg2 Ng8 21. h3 a5 22. a3 Rfc8 23. f4 Ne7 24. Ng1 Qh6 25.
Nf3 b5 26. Na2 Be8 27. Rc1 Rc4 28. Kg3 Qf8 29. Rc3 b4 30. axb4 axb4 31. Rxc4 dxc4 32.
Nxb4 Rb8 33. Na2 Nd5 34. Qc1 Bc6 35. Qxc4 Ba8 36. Nc3 Qd8 37. Ng5 Kg7 38. Qd3 Rb4 39. Rd2 Qb6 40. f5 exf5 41. gxf5 Rxb2 42. f6+ Kg8 43. Nxd5 Bxd5 44. Rc2 Rxc2 45. Qxc2 Bb7 46. Qc4 h6 47. Qxf7+ Kh8 48. Qg7# 1-0

[Event "Early-Titled-Tuesday-Blitz-May-28-2024"]
[Site "Chess.com"]
[Date "2024.05.28"]
[Round "8"]
[White "eltenedor"]
[Black "EvgenyBurmakin"]
[Result "0-1"]
[WhiteElo "2195"]
[BlackElo "2347"]
[TimeControl "180+1"]
[EndTime "9:30:19 PDT"]
[Termination "EvgenyBurmakin won on time"]

1. f4 Nf6 2. Nf3 d5 3. b3 Bf5 4. Bb2 e6 5. e3 c5 6. Ne5 a6 7. Be2 Nc6 8. Nxc6 bxc6 9. O-O Bd6 10. g4 Bg6 11. g5 Nd7 12. Bxg7 Rg8 13. Bh6 f6 14. h4 Qe7 15. Kh1 Bf5 16. d3 Kd8 17. Nd2 Kc7 18. e4 Bh3 19. Rf2 fxg5 20. hxg5 Nf8 21.
e5 Ng6 22. Qg1 Bf5 23. exd6+ Qxd6 24. Qg3 Rae8 25. Re1 Kb7 26. Bg4 Ne7 27. Rfe2 Bxg4 28. Qxg4 Nf5 29. Qh3 Rg6 30. Rf1 Nxh6 31. gxh6 Reg8 32.
Ref2 Qe7 33. Nf3 Qf6 34. Ne5 Rxh6 35. Rh2 Rxh3 36. Rxh3 Qf5 37. Rh2 Rg3 0-1

[Event "Early-Titled-Tuesday-Blitz-May-28-2024"]
[Site "Chess.com"]
[Date "2024.05.28"]
[Round "8"]
[White "Ginger_GM"]
[Black "Nitzan_Steinberg"]
[Result "0-1"]
[WhiteElo "2739"]
[BlackElo "2906"]
[TimeControl "180+1"]
[EndTime "9:30:21 PDT"]
[Termination "Nitzan_Steinberg won by checkmate"]

1. f4 d5 2. Nf3 g6 3. e3 Bg7 4. c4 c6 5. cxd5 cxd5 6. d4 Nc6 7. Nc3 Nf6 8. Bd3 Bf5 9. Bxf5 gxf5 10. O-O e6 11. Ne5 h5 12. Bd2 h4 13. Rc1 h3 14. g3 Nxe5 15. dxe5 Ng4 16. Qa4+ Kf8 17. Nb5 Kg8 18. Nd6 Bf8 19. Qb4 Rh7 20. Qxb7 Rb8 21.
Qxa7 Rxb2 22. Rc8 Qxc8 23. Nxc8 Rxd2 24. Nd6 Rg2+ 25. Kh1 Rxh2+ 26. Kg1 Rg2+ 27. Kh1 Rxg3 28. e4 dxe4 29. Rg1 Rxg1+ 30. Qxg1 e3 31. Ne8 Kh8 32. Nf6 Rg7 33. Nxg4 fxg4 34. Qg3 Bc5 35. Qh4+ Kg8 36. Qd8+ Bf8 37. Qh4 e2 38. Qe1 g3 39.
Qxe2 g2+ 40. Qxg2 hxg2+ 41. Kg1 Bc5+ 42. Kh2 g1=Q+ 43. Kh3 Qh1# 0-1

[Event "Early-Titled-Tuesday-Blitz-May-28-2024"]
[Site "Chess.com"]
[Date "2024.05.28"]
[Round "8"]
[White "Zq1"]
[Black "MaxLeto"]
[Result "1-0"]
[WhiteElo "2543"]
[BlackElo "2390"]
[TimeControl "180+1"]
[EndTime "9:30:21 PDT"]
[Termination "Zq1 won on time"]

1. d4 h5 2. c4 h4 3. Nc3 d6 4. e4 h3 5. Nxh3 Bxh3 6. gxh3 e5 7. d5 Nd7 8. Bg2 Be7 9. Be3 Bg5 10. Qd2 Bxe3 11. Qxe3 Ne7 12. O-O-O Ng6 13. Ne2 Qh4 14. Kb1 a5 15. Rhg1 b6 16. Ng3 Rh7 17. Nf5 Qf4 18.
Qxf4 Nxf4 19. Bf1 g6 20. Ne3 Nc5 21. f3 Ke7 22. b3 Rah8 23. Rg3 Nxh3 24. Bxh3 Rxh3 25.
Nf1 R8h6 26. Kc2 f5 27. exf5 gxf5 28. a3 f4 29. Rg7+ Kd8 30. b4 Nb7 31. Nd2 Rxh2 32. Rdg1 Rh7 33. Rg8+ Kd7 34. Kd3 axb4 35. axb4 Nd8 36.
Ne4 Rf7 37. R1g6 Rh3 38. Nf6+ Kc8 39. Ke4 Rh1 40. Re8 Rxf6 41. Rxf6 Kd7 42. Rg8 Rh7 43.
Rfg6 Nf7 44. R6g7 Rxg7 45. Rxg7 Ke8 46. Kf5 Ke7 47. Kg6 e4 48. Rxf7+ Kd8 49. Rxf4 e3 50.
Re4 1-0

[Event "Early-Titled-Tuesday-Blitz-May-28-2024"]
[Site "Chess.com"]
[Date "2024.05.28"]
[Round "8"]
[White "verrbaa"]
[Black "TitarovVasiliYouTube"]
[Result "1-0"]
[WhiteElo "2461"]
[BlackElo "2570"]
[TimeControl "180+1"]
[EndTime "9:30:22 PDT"]
[Termination "verrbaa won on time"]

1. e4 Nf6 2. e5 Nd5 3. d4 d6 4. Nf3 dxe5 5. Nxe5 c6 6. Be2 Bf5 7. O-O e6 8. a3 Be7 9. c4 Nf6 10. Nc3 O-O 11. Be3 Nbd7 12. f4 Ne4 13. Nxe4 Bxe4 14. Rc1 Qc7 15. Qb3 Rad8 16. Rfd1 Nxe5 17. fxe5 c5 18.
Qc3 cxd4 19. Rxd4 Bc6 20. b4 b6 21. Rg4 Kh8 22. Bg5 Bxg5 23. Rxg5 Be4 24. Qg3 g6 25. Qf4 Ba8 26. h4 Qe7 27. h5 Rd7 28. Rf1 Qd8 29.
Rg3 Rd4 30. Qh6 Rh4 31. Rxg6 Qd4+ 32. Rf2 Qa1+ 33. Rf1 Qd4+ 34. Rf2 Qa1+ 35. Bf1 1-0

[Event "Early-Titled-Tuesday-Blitz-May-28-2024"]
[Site "Chess.com"]
[Date "2024.05.28"]
[Round "8"]
[White "briesmas"]
[Black "sammartin99"]
[Result "0-1"]
[WhiteElo "2390"]
[BlackElo "2299"]
[TimeControl "180+1"]
[EndTime "9:30:22 PDT"]
[Termination "sammartin99 won on time"]

1. e4 c5 2. Nf3 Nc6 3. d4 cxd4 4.
Nxd4 e5 5. Nb5 d6 6. N1c3 a6 7. Na3 b5 8. Nd5 Nge7 9. Bg5 h6 10. Bxe7 Nxe7 11. Be2 Nxd5 12. Qxd5 Be6 13. Qd2 Be7 14. O-O O-O 15. c4 Bg5 16. Qb4 a5 17. Qxb5 Rb8 18.
Qa6 Rxb2 19. Nb5 Rxe2 20. Nxd6 Qa8 21. Qb6 Rb8 22. Qc7 Rc2 23. Rab1 Rxb1 24. Rxb1 Rc1+ 25. Rxc1 Bxc1 26. c5 Ba3 27. Nb5 Bb4 28. a3 Bd2 29. c6 Qc8 30. Qd6 Bg5 31. c7 Bf6 32. Na7 Qb7 33. Qd8+ Bxd8 34. cxd8=Q+ Kh7 35. Qd2 Qxa7 36. g3 Qd4 37. Kg2 Qxd2 0-1

[Event "Early-Titled-Tuesday-Blitz-May-28-2024"]
[Site "Chess.com"]
[Date "2024.05.28"]
[Round "8"]
[White "ZachHKL"]
[Black "NastyaHn"]
[Result "1-0"]
[WhiteElo "2361"]
[BlackElo "2460"]
[TimeControl "180+1"]
[EndTime "9:30:23 PDT"]
[Termination "ZachHKL won on time"]

1. e4 e6 2. d4 d5 3. Nd2 c5 4. Ngf3 Nc6 5. exd5 Qxd5 6. Bc4 Qd8 7. dxc5 Bxc5 8.
O-O Nf6 9. Nb3 Bb6 10. Qxd8+ Kxd8 11. Bg5 Ke7 12. a4 a6 13. a5 Ba7 14. Rfe1 h6 15.
Be3 Bxe3 16. Rxe3 Bd7 17. Nc5 Rhc8 18. Bb3 Nb4 19. Nxd7 Kxd7 20. c3 Nbd5 21. Rd3 Ke7 22. Nd4 Rd8 23. g3 Kf8 24. f4 Nc7 25. Rad1 Ke7 26.
Kf2 Ne4+ 27. Ke3 Nc5 28. R3d2 Rxd4 29. Rxd4 Nxb3 30. Rd7+ Kf6 31. Rxc7 Nxa5 32. Rdd7 Rf8 33. b4 Nc6 34. Rxb7 h5 35. Rb6 Ne7 36. Rxa6 Nf5+ 37. Kf3 Rc8 38. Rd3 Ne7 39. Ra7 Nd5 40. Ra6 Nxc3 41.
Rad6 Nb5 42. Rd7 g6 43. Rb7 Nc3 44. Rdd7 Rf8 45. Rb6 Kg7 46. Rxe6 1-0

[Event "Early-Titled-Tuesday-Blitz-May-28-2024"]
[Site "Chess.com"]
[Date "2024.05.28"]
[Round "8"]
[White "Chessbard1972"]
[Black "DonJuanEGenaro"]
[Result "1-0"]
[WhiteElo "2409"]
[BlackElo "2022"]
[TimeControl "180+1"]
[EndTime "9:30:25 PDT"]
[Termination "Chessbard1972 won by resignation"]

1. e4 c5 2. d4 Nc6 3. d5 Nb8 4. Nc3 e5 5. f4 d6 6. Nf3 Nd7 7. fxe5 Nxe5 8. Nxe5 dxe5 9. Be3 Bd6 10. Bb5+ Bd7 11.
Bxd7+ Qxd7 12. O-O Ne7 13. Qf3 O-O 14. Qg3 f5 15.
Bh6 Rf7 16. Bd2 f4 17. Qf2 Ng6 18. a4 b6 19. a5 b5 20. a6 b4 21. Na4 Qb5 22. b3 Rc8 23. Nb2 c4 24. bxc4 Qd7 25. Kh1 Bc5 26. Qe2 Bd4 27. Rab1 Nh4 28. Bxb4 f3 29.
gxf3 Qh3 30. Be1 Nxf3 31. Bg3 Bxb2 32. Rxb2 Nxh2 33. Rxf7 Nf3+ 34. Bh2 Kxf7 35. Rb3 Qxh2+ 36. Qxh2 Nxh2 37. Kxh2 Rxc4 38. Rb7+ Kf6 39. Rxa7 Rxc2+ 40. Kg3 Rc3+ 41. Kf2 Ra3 42. Ra8 Ke7 43. a7 Kf7 44. d6 Ra2+ 45. Ke3 Ke6 46. Re8+ Kxd6 47. a8=Q Rxa8 48. Rxa8 Ke6 49. Ra6+ Kf7 50. Kd3 g6 51. Kc4 h5 52. Kd5 h4 53. Kxe5 h3 54. Ra2 g5 55.
Kf5 1-0

[Event "Early-Titled-Tuesday-Blitz-May-28-2024"]
[Site "Chess.com"]
[Date "2024.05.28"]
[Round "8"]
[White "luggevoila"]
[Black "aanshnerurkar"]
[Result "1-0"]
[WhiteElo "2351"]
[BlackElo "2459"]
[TimeControl "180+1"]
[EndTime "9:30:26 PDT"]
[Termination "luggevoila won on time"]

1. e4 c5 2. Nf3 d6 3. c3 Nf6 4. Bd3 Nc6 5. Bc2 e5 6. O-O Be7 7. h3 O-O 8. Re1 Be6 9. a4 Rc8 10. Na3 h6 11. d3 Nd7 12. Nc4 a6 13. Bb3 Nb6 14. Ne3 d5 15. a5 dxe4 16. Bxe6 exf3 17. Bxc8 Nxc8 18. Qxf3 Qxd3 19. Rd1 Qg6 20. Nf5 Bf6 21. Rd7 Kh7 22. Be3 e4 23. Qg4 Ne5 24. Qxg6+ fxg6 25. Rxb7 gxf5 26. Bxc5 Rd8 27. b4 Nd3 28. Bd4 Bxd4 29. cxd4 Nd6 30. Rb6 Nb5 31. Rxa6 Rxd4 32. Rb6 Rxb4 33.
a6 Na7 34. Rb7 Nc6 35. Rxb4 Ndxb4 36. a7 Nxa7 37. Rxa7 1-0

[Event "Early-Titled-Tuesday-Blitz-May-28-2024"]
[Site "Chess.com"]
[Date "2024.05.28"]
[Round "8"]
[White "Goryachkina"]
[Black "viditchess"]
[Result "0-1"]
[WhiteElo "2688"]
[BlackElo "3062"]
[TimeControl "180+1"]
[EndTime "9:30:27 PDT"]
[Termination "viditchess won by resignation"]

1. e4 e6 2. d4 d5 3. Nc3 Nf6 4.
e5 Nfd7 5. f4 c5 6. Nf3 Nc6 7. Be3 a6 8. Qd2 b5 9. Qf2 Qa5 10. a3 b4 11. Nd1 bxa3+ 12. c3 axb2 13. Rxa5 b1=Q 14. Ra2 cxd4 15. Nxd4 Nxd4 16. Bxd4 Be7 17.
Rb2 Qa1 18. Bd3 Qa5 19. O-O Nc5 20. Bc2 g6 21. Ne3 h5 22. Rfb1 Qc7 23. Qf3 Ra7 24.
f5 gxf5 25. Bxf5 Rb7 26. Bc2 Rxb2 27. Rxb2 Nd7 28. Qf4 Rg8 29. h4 Bf6 30. Rb1 Bxe5 31. Bxe5 Qxe5 32. Qf3 Ke7 33. Rf1 Nf6 34. Nxd5+ exd5 35.
Qf2 Be6 36. Re1 Ne4 37. Bxe4 dxe4 38. Qa7+ Kf8 39. Qa8+ Kg7 40. Rxe4 Rxa8 41. Rxe5 Kh6 0-1

[Event "Early-Titled-Tuesday-Blitz-May-28-2024"]
[Site "Chess.com"]
[Date "2024.05.28"]
[Round "8"]
[White "KnightDuta"]
[Black "ckgchess"]
[Result "0-1"]
[WhiteElo "2720"]
[BlackElo "2892"]
[TimeControl "180+1"]
[EndTime "9:30:28 PDT"]
[Termination "ckgchess won by checkmate"]

1. e4 c5 2. Nf3 d6 3. d4 cxd4 4.
Nxd4 Nf6 5. Nc3 e5 6. Bb5+ Nbd7 7.
Bxd7+ Bxd7 8. Nde2 Bc6 9. Bg5 Be7 10. Bxf6 Bxf6 11. O-O O-O 12. Nd5 Bg5 13. c4 b5 14.
cxb5 Bxb5 15. Re1 Rc8 16. Nec3 Bc6 17. b4 g6 18. b5 Ba8 19. Qa4 Bd2 20. Red1 Bxc3 21.
Rac1 Bxd5 22. exd5 Bd4 23. Rc6 Qf6 24. Rf1 Rb8 25.
Qb4 Rfd8 26. a4 Qf4 27. Qc4 h5 28. a5 h4 29. h3 Kg7 30. Rc7 Rh8 31. b6 axb6 32.
a6 b5 33. Qa2 b4 34. a7 Ra8 35. Qa6 Rhd8 36. Qc6 b3 37. Qb7 b2 38. Qc6 Rxa7 39. Rxa7 Bxa7 40. Qc7 Qxf2+ 41. Rxf2 b1=Q+ 42. Kh2 Bxf2 43.
Qxd8 Bg3# 0-1

[Event "Early-Titled-Tuesday-Blitz-May-28-2024"]
[Site "Chess.com"]
[Date "2024.05.28"]
[Round "8"]
[White "patzer-reloaded"]
[Black "Kors67"]
[Result "1-0"]
[WhiteElo "2478"]
[BlackElo "2271"]
[TimeControl "180+1"]
[EndTime "9:30:28 PDT"]
[Termination "patzer-reloaded won on time"]

1. d3 g6 2. Nf3 Bg7 3. g3 d5 4. Bg2 c5 5. O-O Nc6 6. c4 d4 7. a3 a5 8. e3 e5 9. exd4 cxd4 10. Re1 Nge7 11. Nbd2 h6 12. b3 Bf5 13. Ne4 O-O 14. Rb1 Bxe4 15. Rxe4 f5 16. Re1 Rb8 17. b4 axb4 18.
axb4 b5 19. c5 Nd5 20. Qb3 Kh7 21. Ng5+ hxg5 22. Qxd5 Qxd5 23. Bxd5 Ne7 24. Bg2 g4 25. Bg5 Bf6 26. Bxf6 Rxf6 27. Rxe5 Nc6 28. Bxc6 Rxc6 29. Rd5 Re8 30. Rxd4 Re2 31. Rd7+ Kh6 32. d4 Ra6 33. d5 Raa2 34. Rf1 Rac2 35. c6 Red2 36. c7 Kg5 37. d6 f4 38. Rd8 f3 39.
c8=Q Rxc8 40. Rxc8 Rxd6 41. Rc5+ Kh6 42. Rxb5 g5 43.
Rb1 Rd2 44. Rc5 Kh5 45. Rcc1 Rd6 46. b5 Rb6 47. Rc6 Rb7 48. Rc5 Rb6 49. Rd1 Rd6 50. Rb1 Re6 51. h4 gxh3 52. b6 1-0

[Event "Early-Titled-Tuesday-Blitz-May-28-2024"]
[Site "Chess.com"]
[Date "2024.05.28"]
[Round "8"]
[White "crazy_but_lazy"]
[Black "zajka-molotok"]
[Result "1-0"]
[WhiteElo "2672"]
[BlackElo "2540"]
[TimeControl "180+1"]
[EndTime "9:30:29 PDT"]
[Termination "crazy_but_lazy won on time"]

1. d4 e6 2. Nf3 d5 3. Bf4 c5 4. e3 Nf6 5. Nbd2 Bd6 6. dxc5 Bxc5 7. Be2 O-O 8. O-O Nc6 9. c4 Qe7 10. a3 dxc4 11. Nxc4 Rd8 12. Qc2 b5 13. Ncd2 Bb7 14.
Bxb5 Rac8 15. Rac1 Bb6 16. Qa4 Nb8 17. Nc4 Bxf3 18.
gxf3 Nd5 19. Nxb6 Nxf4 20. Qxf4 axb6 21. Rxc8 Rxc8 22. Rd1 h6 23. a4 Nc6 24. Rc1 Na7 25.
Rxc8+ Nxc8 26. Qb8 Qf8 27. Ba6 Nd6 28. Qxb6 Nf5 29.
Bd3 Nh4 30. a5 Nxf3+ 31. Kf1 Nxh2+ 32. Ke2 e5 33. a6 e4 34. Bxe4 Qe8 35. Bd3 Qc8 36.
a7 Qg4+ 37. Kd2 Nf3+ 38. Kc2 Ne1+ 39. Kc3 Qc8+ 40. Bc4 Kh7 41. Qb8 Qf5 42. a8=Q Qc2+ 43. Kb4 1-0

[Event "Early-Titled-Tuesday-Blitz-May-28-2024"]
[Site "Chess.com"]
[Date "2024.05.28"]
[Round "8"]
[White "vishwa_vijeta"]
[Black "baki83"]
[Result "0-1"]
[WhiteElo "2641"]
[BlackElo "2916"]
[TimeControl "180+1"]
[EndTime "9:30:30 PDT"]
[Termination "baki83 won by resignation"]

1. e4 c5 2. Nc3 Nc6 3. Bb5 Nd4 4. Nf3 Nxb5 5. Nxb5 Nf6 6. e5 Nd5 7. O-O g6 8. d4 cxd4 9. Qxd4 Nc7 10. Nd6+ exd6 11. exd6 Bxd6 12. Bg5 f6 13. Bxf6 Ne6 14. Qc3 Bb4 15.
Qe5 Bd6 16. Qc3 Bb4 17. Qe5 d6 18. Qb5+ Bd7 19. Qxb7 Rb8 20. Qxa7 Bc5 21. Qxc5 dxc5 22. Bxd8 Rxd8 23. Rfe1 O-O 24. Rad1 Bc8 25. Rxd8 Rxd8 26. c3 Kf7 27. h3 Kf6 28. Re2 Bb7 29. Rd2 Ra8 30. a3 Bxf3 31. gxf3 c4 32. Kh2 Ra5 33. h4 Rb5 34. Kg3 h5 35. f4 Rb6 36. Kf3 Ng7 37. Rd4 Rc6 38. Rd5 Nf5 39. Rb5 Nxh4+ 40. Kg3 Nf5+ 41.
Kh3 Ra6 42. Rb4 Nd6 43. Kg3 Ke6 44. Kf3 Ra5 45. Rb6 Rb5 46. Rxb5 Nxb5 47. a4 Na7 48.
Kg3 Kf5 49. f3 Nc6 0-1